 Dungeon Crawl Stone Soup version 0.26-a0-1181-gd376ed14c5 (webtiles) character file.

Game seed: 10978289369156918739

1897 Arthanis the Arsonist (level 8, -3/38 (41) HPs)
             Began as a Deep Elf Fire Elementalist on Dec 26, 2020.
             Was a Believer of Vehumet.
             Slain by a wight
             ... wielding a cursed +2 trident
              (7 damage)
             ... on level 6 of the Dungeon.
             The game lasted 00:10:06 (5180 turns).

Arthanis the Arsonist (Deep Elf Fire Elementalist)  Turns: 5180, Time: 00:10:07

HP:   -3/38 (41)    AC:  3    Str:  5    XL:     8   Next: 93%
MP:   20/31         EV: 13    Int: 23    God:    Vehumet [**....]
Gold: 177           SH:  0    Dex: 15    Spells: 9/23 levels left

rFire    . . .     SeeInvis .   n - +0 spear
rCold    . . .     Faith    .   (no shield)
rNeg     . . .     Spirit   .   a - +0 robe
rPois    .         Reflect  .   C - +0 helmet
rElec    .         Harm     .   (no cloak)
rCorr    .         Rampage  .   (no gloves)
Will     .....                  (no boots)
Stlth    ++........             y - amulet of the acrobat
HPRegen  0.12/turn              g - ring of magical power
MPRegen  0.22/turn              (no ring)

@: drained
A: no striking features
a: Renounce Religion


You were on level 6 of the Dungeon.
You worshipped Vehumet.
Vehumet was pleased with you.
You visited 1 branch of the dungeon, and saw 6 of its levels.

You collected 177 gold pieces.

Inventory:

Hand Weapons
 n - a +0 spear (weapon)
Armour
 a - a +0 robe (worn)
 k - a +0 helmet
 m - a +0 buckler
 C - a +0 helmet (worn)
Jewellery
 g - a ring of magical power (left hand)
 y - an amulet of the acrobat (around neck)
 B - a cursed amulet of inaccuracy {unknown}
Wands
 u - a wand of disintegration (19)
 v - a wand of paralysis (4)
Scrolls
 b - 3 scrolls of fog {unknown}
 c - 7 scrolls of blinking
 f - 4 scrolls of identify {unknown}
 h - 3 scrolls of amnesia {unknown}
 i - 4 scrolls of teleportation {unknown}
 l - a scroll of enchant armour {unknown}
 o - a scroll of fear {unknown}
 s - a scroll of random uselessness {unknown}
 t - 3 scrolls of remove curse {unknown}
 x - a scroll of magic mapping {unknown}
Potions
 d - a potion of magic {unknown}
 e - a potion of invisibility {unknown}
 j - a potion of lignification {unknown}
 p - 3 potions of curing {unknown}
 q - a potion of mutation {unknown}
 r - 2 potions of attraction {unknown}
 w - a potion of heal wounds {unknown}
 z - a potion of brilliance {unknown}
 A - a potion of haste {unknown}


   Skills:
 - Level 2.4 Dodging
 - Level 2.4 Stealth
 + Level 8.1 Spellcasting
 + Level 6.3 Conjurations
 * Level 9.6 Fire Magic


You had 9 spell levels left.
You knew the following spells:

 Your Spells              Type           Power        Failure   Level
a - Foxfire               Conj/Fire      100%         1%          1
b - Conjure Flame         Conj/Fire      46%          1%          3
c - Sticky Flame          Conj/Fire      46%          2%          4
d - Fireball              Conj/Fire      23%          7%          5
e - Magic Dart            Conj           100%         1%          1

Your spell library contained the following spells:

 Spells                   Type           Power        Failure   Level
 Sandblast                Erth           18%          7%          1
 Inner Flame              Hex/Fire       31%          2%          3
 Dazzling Flash           Conj/Hex       46%          5%          3
 Corona                   Hex            10%          7%          1
 Ensorcelled Hibernation  Hex/Ice        18%          11%         2
 Confusing Touch          Hex            9%           21%         3
 Tukima's Dance           Hex            9%           21%         3


Dungeon Overview and Level Annotations

Branches:
Dungeon (6/15)
 Temple: D:4-7

Altars:
Ashenzari
Cheibriados
Gozag
Ru
Sif Muna
Vehumet
Wu Jian
Yredelemnul


Message History

Unknown command.
Casting: Foxfire (safe; 1% risk of failure)
Confirm with . or Enter, or press ? or * to list all spells.
You conjure some foxfire!
The foxfire hits the wight.
The wight is lightly damaged.
The foxfire hits the wight.
The wight is almost destroyed.
The wight hits you from afar with a cursed +2 trident.
You feel drained.
Your foxfire dissipates!
The foxfire hits the wight.
You destroy the wight!
Vehumet accepts your kill.
Casting: Foxfire (safe; 1% risk of failure)
Confirm with . or Enter, or press ? or * to list all spells.
You conjure some foxfire!
The wight hits you from afar with a cursed +2 trident!
* * * LOW HITPOINT WARNING * * *
You feel drained.
You die...

#.....# #.....# ##
#.....# ..
...##.....##########
. ..
....'...............
.. ##
##.##.....##.########
####.#
########........#
.....#
#.v......##.....#
###.@.z)..........#
#...v)..###.#.....# #
#....)..# #.#.....#
#. ......#.......#
#.#.#+### ..
......#....÷..# #.#..
#.
.....#..).)..###.#.#
...§#...........#.. #
# #..#.......#####.#
#.#########.#...(...#


You could see a wight.

Vanquished Creatures
  Pikel (D:4)
  Grinder (D:6)
  Duvessa (D:4)
  2 centaurs (D:5)
  A lemure (D:4)
  Blork the orc (D:5)
  Dowan (D:4)
  2 scorpions (D:6)
  4 wights (D:6)
  A quasit (D:5)
  A centaur skeleton (D:4)
  A bullfrog skeleton (D:5)
  3 hounds
  An iguana (D:6)
  Jessica (D:2)
  Ijyb (D:4)
  Natasha (twice) (D:2)
  4 worker ants
  6 gnolls
  5 adders
  A shadow imp (D:5)
  2 ufetubi
  An ooze (D:3)
  2 worms
  3 dart slugs
  3 leopard geckos
  8 orcs
  2 giant cockroaches
  4 goblins (D:1)
  8 hobgoblins
  6 jackals
  8 kobolds
  2 quokkas
  A ball python (D:3)
  4 bats
  9 frilled lizards
  11 rats
  A spectral orc (D:3)
116 creatures vanquished.

Vanquished Creatures (others)
  577 foxfires
577 creatures vanquished.

Grand Total: 693 creatures vanquished

Notes
Turn   | Place    | Note
-------+----------+-------------------------------------------
     0 | D:1      | Arthanis the Deep Elf Fire Elementalist began the quest for
                  | the Orb.
     0 | D:1      | Reached XP level 1. HP: 10/10 MP: 6/6
   316 | D:1      | Reached XP level 2. HP: 15/15 MP: 5/8
  1053 | D:1      | Reached skill level 4 in Fire Magic
  1257 | D:2      | Found a sacrificial altar of Ru.
  1377 | D:2      | Noticed Jessica
  1417 | D:2      | Reached XP level 3. HP: 19/19 MP: 10/10
  1421 | D:2      | Learned a level 3 spell: Conjure Flame
  1645 | D:2      | Reached XP level 4. HP: 24/24 MP: 10/11
  1738 | D:2      | Killed Jessica
  1806 | D:2      | Learned a level 4 spell: Sticky Flame
  1822 | D:2      | Noticed Natasha
  1835 | D:2      | Killed Natasha
  1836 | D:2      | Reached skill level 5 in Fire Magic
  1981 | D:2      | Found a shimmering blue altar of Sif Muna.
  1981 | D:2      | Found a radiant altar of Vehumet.
  1982 | D:2      | Found a broken altar of Ashenzari.
  1990 | D:2      | Became a worshipper of Vehumet
  2127 | D:2      | Noticed Natasha
  2130 | D:2      | Killed Natasha
  2131 | D:2      | Reached XP level 5. HP: 26/28 MP: 13/13
  2303 | D:3      | Found a snail-covered altar of Cheibriados.
  2453 | D:3      | Found a basalt altar of Yredelemnul.
  2556 | D:3      | Found an ornate altar of the Wu Jian Council.
  2822 | D:3      | Learned a level 5 spell: Fireball
  3072 | D:4      | Reached XP level 6. HP: 32/32 MP: 15/15
  3109 | D:4      | Noticed Ijyb
  3113 | D:4      | Reached * piety under Vehumet
  3113 | D:4      | Offered knowledge of Magic Dart by Vehumet.
  3123 | D:4      | Killed Ijyb
  3124 | D:4      | Reached skill level 6 in Fire Magic
  3125 | D:4      | Reached skill level 5 in Spellcasting
  3295 | D:4      | Learned a level 1 spell: Magic Dart
  3296 | D:4      | Noticed Dowan
  3297 | D:4      | Noticed Duvessa
  3355 | D:4      | Killed Duvessa
  3358 | D:4      | Killed Dowan
  3570 | D:4      | Noticed Pikel
  3597 | D:4      | Paralysed by Pikel for 4 turns
  3632 | D:4      | Killed Pikel
  3633 | D:4      | Reached skill level 7 in Fire Magic
  3633 | D:4      | Reached XP level 7. HP: 36/36 MP: 8/18
  4096 | D:5      | Entered Level 5 of the Dungeon
  4198 | D:5      | Found an opulent altar of Gozag.
  4255 | D:5      | Reached skill level 5 in Conjurations
  4282 | D:5      | Noticed Blork the orc
  4290 | D:5      | Killed Blork the orc
  4291 | D:5      | Reached skill level 8 in Fire Magic
  4291 | D:5      | Reached XP level 8. HP: 41/41 MP: 20/20
  4927 | D:6      | Reached skill level 9 in Fire Magic
  4951 | D:6      | Noticed Grinder
  4969 | D:6      | Paralysed by Grinder for 3 turns
  5019 | D:6      | Offered knowledge of Sandblast by Vehumet.
  5027 | D:6      | Killed Grinder
  5047 | D:6      | Reached ** piety under Vehumet
  5180 | D:6      | Slain by a wight

Illustrated notes

Levels and vault maps discovered:
D:1:      lemuel_arrival_muddy, layout_basic, moated_statue,
          hangedman_decor_points, st_stairs_6, grunt_decor_mini_mirrors
D:2:      layout_basic, gammafunk_temple_overflow_claw, old_standard_altar,
          uniq_jessica, uniq_natasha
D:3:      layout_rooms, cheibriados_altar_1, nzn_wu_jian_council_hall,
          yredelemnul_forgotten_temple_becter
D:4:      layout_basic, uniq_pikel, uniq_duvessa, uniq_ijyb
D:5:      layout_rooms, old_standard_altar, uniq_blork_the_orc
D:6:      layout_basic, makhleb_heckhound_becter, enter_ossuary_2, serial_shops,
          kennysheep_mini_moat, dk_yredelemnul_ordeal, uniq_grinder

Skill      XL: |  1  2  3  4  5  6  7  8 |
---------------+-------------------------+-----
Fire Magic     | 4 5 7 8 9 |  9.6
Conjurations   | 2 3 4 5 6 |  6.3
Spellcasting   | 4 6 8 |  8.1
Dodging        | |  2.4
Stealth        | |  2.4

Action                   |  1- 3 |  4- 6 |  7- 9 || total
-------------------------+-------+-------+-------++-------
Melee: Unarmed           |     1 |       |       ||     1
       Spear             |       |       |     1 ||     1
 Cast: Foxfire           |    72 |   136 |   156 ||   364
       Conjure Flame     |       |     4 |       ||     4
       Sticky Flame      |       |     5 |     1 ||     6
  Use: Scroll            |       |       |     1 ||     1
Armor: Robe              |     1 |     1 |     4 ||     6
Dodge: Dodged            |    12 |     8 |    28 ||    48

Table legend: (Time is in decaauts)
 A = Elapsed time spent in this place.
 B = Non-inter-level travel time spent in this place.
 C = Inter-level travel time spent in this place.
 D = Time resting spent in this place.
 E = Time spent auto-exploring this place.
 F = Levels seen in this place.
 G = Mean time per level.
                   A        B        C        D        E       F      G
               +--------+--------+--------+--------+--------+-----+--------+
         Total |   5182 |   4985 |    197 |      0 |   3981 |   6 |  863.7 |
       Dungeon |   5182 |   4985 |    197 |      0 |   3981 |   6 |  863.7 |
               +--------+--------+--------+--------+--------+-----+--------+

Top non-repeatable levels by time:
     D:1: 1217 daAuts
     D:4: 1173 daAuts
     D:2: 953 daAuts
     D:5: 826 daAuts
     D:3: 753 daAuts
     D:6: 258 daAuts
